AoeStats
← ꧁༺乡 SC∆R 乡 ༻꧂

Arena

510809697Analyzed
4v4 RM · 1d ago on Oct 2, 2026· 30m 28s· 8 players
Game mode
Random Map
Map size
Large (8 player)
Population
200
Speed
Normal
Resources
Standard
Victory
Conquest
Starting age
Dark Age
Ending age
Imperial Age
RankedLock teamsTeams togetherTeam positionsShared explorationLock speedFull tech treeHidden civsTurbo modeCheats
Victory
Defeat
🇹🇼 Franks · Taiwan
1091
+18
🇹🇼 Italians · Taiwan
1084
+19
1078
+19
🇨🇳 Poles · China
1057
+20
🇲🇽 Varangians · Mexico
1149
-19
🇬🇧 Chinese · United Kingdom
1141
-19
🇦🇷 Bohemians · Argentina
1137
-19
🇨🇴 Cumans · Colombia
1133
-19
kukucdenss
7:28 Loom
10:16 Feudal Age
17:44 Castle Age
16:23 Double-Bit Axe
19:11 Scale Barding Armor
19:05 Gold Mining
21:26 Forging
24:57 Wheelbarrow
27:46 Chain Barding Armor
28:59 Iron Casting
30:28 Bow Saw
30:25 Husbandry
Monkidz
10:54 Feudal Age
15:06 Castle Age
20:43 Imperial Age
18:16 Double-Bit Axe
22:24 Chemistry
27:42 Bow Saw
大汉忠臣曹孟德
6:38 Loom
8:57 Feudal Age
9:55 Double-Bit Axe
17:00 Horse Collar
22:42 Fletching
23:24 Gold Mining
23:27 Stone Mining
26:31 Castle Age
26:26 Padded Archer Armor
26:32 Crossbowman
27:12 Bodkin Arrow
27:43 Heavy Plow
27:54 Bow Saw
29:35 Leather Archer Armor
31:37 Stone Shaft Mining
꧁༺乡 SC∆R 乡 ༻꧂
7:54 Loom
11:01 Feudal Age
11:27 Double-Bit Axe
11:23 Horse Collar
18:31 Castle Age
19:51 Bow Saw
20:37 Heavy Plow
23:16 Town Watch
25:11 Wheelbarrow
25:35 Stone Mining
26:55 Scale Barding Armor
28:26 Hand Cart
28:27 Gold Mining
29:33 Chain Barding Armor
30:52 Gold Shaft Mining
33:00 Imperial Age
33:14 Imperial Age
31:00 Forging
31:17 Bloodlines
ChetosF
8:08 Loom
10:43 Feudal Age
karv.oficial
9:52 Feudal Age
11:39 Wheelbarrow
10:51 Double-Bit Axe
10:49 Horse Collar
17:13 Gold Mining
17:52 Loom
21:04 Castle Age
19:10 Stone Mining
19:52 Forging
20:41 Scale Barding Armor
22:39 Hand Cart
23:01 Bloodlines
25:39 Imperial Age
24:21 Iron Casting
24:19 Chain Barding Armor
24:47 Bloodlines
26:44 Conscription
27:36 Plate Barding Armor
28:02 Blast Furnace
BIGBALZIE
0:30 Loom
11:13 Feudal Age
15:09 Castle Age
15:46 Double-Bit Axe
gaston21
11:53 Feudal Age
12:27 Loom
15:42 Castle Age
14:59 Double-Bit Axe
21:22 Bow Saw
20:56 Horse Collar
Connection lost

Rejoining the realm…

Still unreachable

The connection could not be restored.

Session expired

The server has moved on; the page needs a fresh start.